 Dungeon Crawl Stone Soup version 0.22-a0-81-g7478db5 (webtiles) character file.

302673 shenanigans the Scorcher (level 21, -19/165 HPs)
             Began as a Barachi Warper on Jan 17, 2018.
             Was the Champion of Okawaru.
             Demolished by a vault warden
             ... wielding a +0 dire flail of protection
              (34 damage)
             ... on level 3 of the Vaults on Jan 18, 2018.
             The game lasted 02:44:48 (48749 turns).

shenanigans the Scorcher (Barachi Warper)          Turns: 48749, Time: 02:44:49

Health: -19/165    AC: 38    Str: 14    XL:     21   Next: 7%
Magic:  0/42       EV: 20    Int: 21    God:    Okawaru [******]
Gold:   1358       SH: 23    Dex: 16    Spells: 38/54 levels left

rFire    . . .     SeeInvis +   x - +14 obsidian axe {chop, +Fly SInv *Curse}
rCold    + . .     Gourm    .   I - +2 large shield
rNeg     + . .     Faith    .   k - +10 pearl dragon scales
rPois    +         Spirit   +   T - +2 helmet {SInv}
rElec    .         Reflect  .   X - scarf {Spirit}
rCorr    .         Harm     .   M - +2 pair of gloves {Dex+3}
MR       +....                  f - +0 pair of boots
Stlth    +.........             W - amulet of regeneration
HPRegen  0.77/turn              z - ring of poison resistance
MPRegen  0.28/turn              o - ring of protection from cold

@: about to teleport, heroism, mesmerised, slow
A: +LOS, swims, screaming 1, slowness 1, strong legs 2
}: 2/15 runes: serpentine, barnacled
a: Hop, Heroism, Finesse, Renounce Religion, Evoke Flight


You were on level 3 of the Vaults.
You worshipped Okawaru.
Okawaru was exalted by your worship.
You were not hungry.

You visited 7 branches of the dungeon, and saw 35 of its levels.
You visited the Abyss 1 time.

You collected 3778 gold pieces.
You spent 2420 gold pieces at shops.

Inventory:

Hand Weapons
 b - a +2 broad axe of flaming
 l - a +1 broad axe of freezing
 x - the +14 obsidian axe (weapon) {chop, +Fly SInv *Curse}
   (Okawaru gifted it to you on level 13 of the Dungeon)

   It inflicts extra damage upon your enemies.
   It lets you see invisible.
   It lets you fly.
   It curses itself when equipped.
 Y - a +1 broad axe of chopping
Missiles
 v - 12 silver javelins (quivered)
Armour
 c - a +2 shield
 f - a +0 pair of boots (worn)
 k - +10 pearl dragon scales (worn)
 s - a +1 hat of magic resistance
 D - a +1 cloak of magic resistance
 H - the +0 shield of Valiance {rC+ Str-3 Int+2 Dex+3}
   (You acquired it on level 7 of the Dungeon)

   It affects your strength (-3).
   It affects your intelligence (+2).
   It affects your dexterity (+3).
   It protects you from cold.
 I - a +2 large shield (worn)
 M - a +2 pair of gloves of dexterity (worn)
 S - the +1 chain mail of Bedevilment {+Fly rElec rF+}
   (You acquired it on level 4 of the Shoals)

   It protects you from fire.
   It insulates you from electricity.
   It lets you fly.
 T - a +2 helmet of see invisible (worn)
 X - a scarf of spirit shield (worn)
Jewellery
 e - a +6 amulet of reflection
 o - a ring of protection from cold (right hand)
 z - a ring of poison resistance (left hand)
 L - an uncursed ring of fire
 N - the ring "Bofonk" {rCorr +Blink}
   (You found it on level 2 of the Shoals)

   [ring of resist corrosion]

   It lets you blink.
 W - an amulet of regeneration (around neck)
Wands
 p - a wand of paralysis (8)
 y - a wand of acid (27)
 G - a wand of disintegration (27)
 U - a wand of iceblast (7)
Scrolls
 g - 17 scrolls of teleportation
 h - 3 scrolls of blinking
 i - 11 scrolls of identify
 n - 7 scrolls of fear
 t - 6 scrolls of remove curse
 C - 3 scrolls of enchant armour
 F - 3 scrolls of amnesia
 J - 4 scrolls of enchant weapon
 P - 4 scrolls of silence
 Q - a scroll of holy word
 R - 7 scrolls of fog
 Z - a scroll of summoning
Potions
 a - a potion of berserk rage
 m - 3 potions of flight
 q - 3 potions of resistance
 r - 7 potions of curing
 u - 2 potions of mutation
 w - 2 potions of magic
 A - 3 potions of ambrosia
 E - 6 potions of brilliance
 K - 3 potions of haste
 V - 5 potions of might
Books
 j - a book of the Sky

   Spells                             Type                      Level
   a - Summon Lightning Spire         Summoning/Air                4
   b - Silence                        Hexes/Air                    5
   c - Deflect Missiles               Charms/Air                   6
   d - Conjure Ball Lightning         Conjuration/Air              6
   e - Tornado                        Air                          9
 B - a book of the Tempests

   Spells                             Type                      Level
   a - Static Discharge               Conjuration/Air              3
   b - Lightning Bolt                 Conjuration/Air              5
   c - Ignition                       Fire                         8
   d - Tornado                        Air                          9
   e - Shatter                        Earth                        9
Miscellaneous
 O - 3 sacks of spiders
Comestibles
 d - 49 rations


   Skills:
 - Level 14.1(19.1) Fighting
 - Level 14.1(19.1) Axes
 - Level 1.0(6.0) Throwing
 - Level 14.1(19.1) Armour
 - Level 14.1(19.1) Dodging
 - Level 14.1(19.1) Shields
 * Level 17.1 Spellcasting
 - Level 3.2 Translocations
 * Level 18.3 Fire Magic
 - Level 5.1 Invocations


You had 38 spell levels left.
You knew the following spells:

 Your Spells              Type           Power        Failure   Level  Hunger
a - Blink                 Tloc           N/A          8%          2    None
b - Apportation           Tloc           ####..       4%          1    None
c - Bolt of Magma         Conj/Fire/Erth #####.....   38%         5    ##.....
d - Ignition              Fire           #######...   54%         8    #######


Dungeon Overview and Level Annotations

Branches:
Dungeon (15/15)            Temple (1/1) D:7            Lair (6/6) D:10
 Shoals (4/4) Lair:4        Snake (4/4) Lair:2        Slime (0/5) Lair:5
    Orc (2/2) D:10            Elf (0/3) Orc:2        Vaults (3/5) D:13
  Crypt (0/3) Vaults:3     Depths (0/5) D:15

Altars:
Ashenzari
Cheibriados
Dithmenos
Elyvilon
Fedhas
Gozag
Hepliaklqana
Kikubaaqudgha
Makhleb
Nemelex Xobeh
Okawaru
Qazlal
Ru
Sif Muna
Trog
Uskayaw
Vehumet
Wu Jian
Xom
Yredelemnul
Zin
The Shining One

Shops:
D:4 (   D:6 (   D:7 ?   D:9 *   Orc:2 (=(}}!(*!   Snake:1 =}=   Vaults:2 (

Portals:
Trove: D:14 (give 7 potions of agility)

Annotations:
Lair:2 exclusion: 2 oklob plants
Lair:4 exclusion: oklob plant
Abyss:1 Azrael, Urug


Innate Abilities, Weirdness & Mutations

Shadows flee at your approach. (+LOS)
You can swim through water.
You cover ground slowly.
You can hop long distances.
You occasionally shout uncontrollably at your foes.


Message History

Unknown command.
Unknown command.
Unknown command.
Unknown command.
Unknown command.
You feel better.
Visions of slaying the vault warden flood into your mind.
You block the tentacled monstrosity's attack. x2
The tentacled monstrosity tentacle-slaps you but does no damage.
The tentacled monstrosity constricts you.
Your neqoxec hits the tentacled monstrosity!
The tentacled monstrosity dies!
Okawaru accepts your kill.
The war gargoyle hits you but does no damage.
You block the lich's attack.
The vault warden hits you with an antimagic battleaxe!!
* * * LOW HITPOINT WARNING * * *
The vault warden completely misses you.
The vault warden hits you with a dire flail of protection!!
You die...

.........# .#####.8.#
##+## .#...#...# #[.:#
##._.###.# #...#
.......#(# #...#
...>...'.# #...#
.......#.# #.p.#
##._.###.# #pp9#
.#...#...#######@#####
.#####.8.##.....Lp...#
.........##...3..)...#
######'####.)........#
..#..#....#......^...#
..'..'....#......<...#
..#..#....+..........#
.##''##...#####+######
##)...##'## #..####


You could see 4 vault wardens, a lich, a war gargoyle and a friendly neqoxec.

Vanquished Creatures
  Mara (Shoals:3)
  Margery (Vaults:2)
  Saint Roka (Snake:4)
  Vashnia (Snake:2)
  2 krakens (Shoals:1)
  Gastronok (Lair:2)
  A tengu reaver (Vaults:2)
  Kirke (Shoals:1)
  Donald (Snake:1)
  A fire giant (D:13)
  Ilsuiw (Shoals:4)
  6 nagarajas
  2 frost giants
  A juggernaut zombie (D:15)
  5 vault wardens
  Aizul (Snake:2)
  9 ironheart preservers
  The ghost of Jacaranda the Severer, a journeyman HOBe of Trog (D:15)
  2 entropy weavers
  2 stone giants (Vaults:3)
  A deep elf annihilator (Vaults:3)
  3 ettins
  Snorg (D:11)
  5 merfolk javelineers (Shoals:4)
  5 merfolk impalers
  3 fire dragons
  A yaktaur captain (D:13)
  2 great orbs of eyes
  7 vault guards
  Harold (D:10)
  2 ice dragons
  14 naga warriors
  Erolcha (D:10)
  4 rakshasas
  3 centaur warriors (D:13)
  2 hydras
  11 anacondas
  3 catoblepae
  3 death knights
  8 ogre magi
  19 two-headed ogres
  An alligator (shapeshifter) (Vaults:3)
  9 death yaks
  3 merfolk aquamancers (Shoals:4)
  A satyr (Shoals:4)
  5 shock serpents
  11 naga sharpshooters
  Sonja (D:10)
  3 deep elf knights
  2 hell knights (Vaults:2)
  7 skeletal warriors
  A salamander mystic (Snake:4)
  2 unseen horrors
  2 shadow wraiths
  10 sea snakes
  9 naga ritualists
  2 deep trolls (Vaults:3)
  A glowing orange brain (Vaults:2)
  2 wizards
  A death drake (shapeshifter) (D:15)
  3 phantasmal warriors
  A golden dragon skeleton (D:15)
  A deep elf archer (Vaults:3)
  7 mana vipers
  3 necromancers
  9 ironbrand convokers
  13 harpies
  6 orc knights
  17 ugly things
  2 fauns
  2 wolf spiders
  2 orc sorcerers
  8 salamanders
  4 deep elf magi
  4 cyclopes
  8 manticores
  6 slime creatures
  7 merfolk sirens
  9 elephants
  9 guardian serpents
  20 black mambas
  2 water nymphs
  2 torpor snails
  11 vault sentinels
  15 naga magi
  Psyche (D:10)
  3 gargoyles
  6 spiny frogs
  A spiny frog (shapeshifter) (D:15)
  4 rime drakes
  A yaktaur zombie (D:15)
  7 freezing wraiths
  An efreet (D:15)
  2 centaur skeletons
  17 yaktaurs
  A guardian mummy (D:15)
  20 merfolk
  7 komodo dragons
  A queen bee (Lair:1)
  A polar bear (Lair:6)
  The ghost of soahar the Chopper, an amateur HOFi of Beogh (D:4)
  A polar bear (shapeshifter) (Vaults:1)
  11 trolls
  4 wind drakes
  Prince Ribbit (D:7)
  2 hornets
  A fire dragon zombie (D:15)
  9 hippogriffs
  4 dream sheep (Shoals:3)
  7 snapping turtles
  10 blink frogs
  2 redbacks
  2 shadows
  A tarantella (shapeshifter) (D:14)
  A spriggan (shapeshifter) (Vaults:3)
  The ghost of titusgroan the Chopper, an amateur MiBe of Trog (D:3)
  4 wyverns
  5 fire elementals (D:12)
  5 water elementals
  4 basilisks
  3 hungry ghosts
  A yak (shapeshifter) (D:15)
  29 yaks
  2 wraiths
  A hog (Shoals:1)
  5 steam dragons
  2 vampire mosquitoes (D:15)
  3 wargs
  2 insubstantial wisps (D:11)
  47 nagas
  A soldier ant (D:13)
  12 water moccasins
  7 acid dragons
  2 hell hounds (D:12)
  7 porcupines
  31 orc warriors
  A swamp drake (Lair:6)
  2 black bears
  2 hornet zombies
  3 ice beasts
  8 sky beasts
  40 ogres
  3 wolves
  11 centaurs
  2 eyes of draining
  2 phantoms
  11 crocodiles
  3 big kobolds
  13 bullfrogs
  A deep troll simulacrum (Vaults:1)
  A wyvern skeleton (D:6)
  4 scorpions
  44 killer bees
  A water moccasin skeleton (D:4)
  5 wights (D:11)
  2 howler monkeys
  5 electric eels
  5 crimson imps
  A bullfrog zombie (D:12)
  3 centaur zombies
  2 jellies
  15 orc priests
  10 hounds
  16 orc wizards
  3 bullfrog skeletons
  8 iguanas
  Terence (D:2)
  8 worker ants
  A worker ant zombie (D:8)
  8 adders
  2 howler monkey skeletons
  3 shadow imps
  2 oozes (D:1)
  An adder zombie (D:8)
  4 worms
  5 leopard geckos
  89 orcs
  2 ball pythons
  4 giant cockroaches
  5 goblins
  7 hobgoblins
  11 jackals
  4 quokkas
  2 bats
  3 frilled lizards
  13 kobolds
  A leopard gecko skeleton (D:4)
  10 rats
  3 fungi
  7 plants
  5 tentacles (Shoals:1)
  2 withered plants (D:15)
1118 creatures vanquished.

Vanquished Creatures (collateral kills)
  Nikola (Vaults:1)
  A tentacled monstrosity (Vaults:3)
  Polyphemus (Shoals:3)
  A nagaraja (Snake:4)
  A shadow dragon (D:13)
  2 vault wardens
  2 ironheart preservers (Vaults:2)
  A stone giant (Vaults:2)
  3 very ugly things
  2 merfolk impalers
  2 ogre magi
  A great orb of eyes (Vaults:2)
  2 yaktaur captains (Vaults:1)
  8 naga warriors
  A hydra (Lair:3)
  A catoblepas (D:14)
  A centaur warrior (D:14)
  3 anacondas (Snake:4)
  An alligator snapping turtle (Shoals:4)
  3 death yaks
  3 merfolk aquamancers
  The ghost of cellescent the Charlatan, a novice GnWn of Lugonu (D:10)
  3 two-headed ogres
  A shock serpent (Snake:3)
  2 naga sharpshooters
  A hell knight (Vaults:2)
  A shadow wraith (Vaults:3)
  A salamander mystic (Snake:4)
  3 sea snakes
  A deep troll (Vaults:3)
  4 skeletal warriors
  A swamp dragon (Lair:6)
  A wizard (D:15)
  2 deep elf archers
  2 naga ritualists (Snake:4)
  2 ironbrand convokers (Vaults:3)
  9 harpies
  An orc knight (Vaults:1)
  2 mana vipers
  4 ugly things
  A deep elf mage (Vaults:1)
  2 fauns (Shoals:2)
  2 cyclopes
  4 manticores
  4 elephants
  2 merfolk sirens
  A guardian serpent (Snake:4)
  6 black mambas
  2 naga magi
  4 vault sentinels
  A centaur zombie (D:14)
  A water nymph (Shoals:2)
  A spiny frog (shapeshifter) (Vaults:1)
  4 spiny frogs
  A centaur skeleton (D:13)
  A kobold demonologist (D:14)
  A komodo dragon (Lair:4)
  A troll (Vaults:1)
  5 merfolk
  3 wind drakes
  8 slime creatures
  4 blink frogs (Lair:6)
  2 snapping turtles
  3 dream sheep (Shoals:3)
  2 yaks
  A wraith (D:13)
  A redback (Vaults:2)
  A tarantella (shapeshifter) (Vaults:1)
  A water elemental (Shoals:3)
  A basilisk (Lair:6)
  A vampire mosquito (D:15)
  A warg (Vaults:1)
  3 water moccasins
  2 acid dragons (Vaults:1)
  14 nagas
  A soldier ant (shapeshifter) (D:14)
  An ogre (Vaults:2)
  2 orc warriors (Snake:4)
  A phantom (D:14)
  A wolf (Lair:3)
  4 centaurs (D:13)
  2 crocodiles
  A bullfrog (D:13)
  2 scorpions
  A human simulacrum (Vaults:1)
  An electric eel (D:13)
  2 hounds
  A jelly (Lair:5)
  3 orc wizards
  A worker ant (D:13)
  3 orcs
  8 plants
210 creatures vanquished.

Vanquished Creatures (others)
  3 merfolk javelineers
  A centaur warrior (D:14)
  A satyr (Shoals:4)
  6 two-headed ogres (Orc:2)
  2 naga sharpshooters
  A wizard (D:10)
  A deep elf mage (D:13)
  2 cyclopes
  4 yaktaurs
  A wind drake (shapeshifter) (D:12)
  A fire elemental (D:12)
  A human (Shoals:1)
  A sky beast (D:11)
  3 orc warriors
  4 ogres
  A centaur (D:14)
  A bullfrog (Lair:3)
  A wyvern skeleton (D:12)
  A killer bee (D:12)
  A crimson imp (D:10)
  An orc priest (Orc:2)
  4 orcs
  3 fungi
  4 plants
  3 tentacles (Shoals:1)
52 creatures vanquished.

Grand Total: 1380 creatures vanquished

Notes
Turn   | Place    | Note
-------+----------+-------------------------------------------
     0 | D:1      | shenanigans the Barachi Warper began the quest for the Orb.
     0 | D:1      | Reached XP level 1. HP: 17/17 MP: 3/3
   209 | D:1      | Reached XP level 2. HP: 4/23 MP: 5/5
  1044 | D:1      | Reached XP level 3. HP: 28/29 MP: 6/6
  2141 | D:2      | Reached XP level 4. HP: 29/35 MP: 7/7
  2465 | D:2      | Noticed Terence
  2485 | D:2      | Killed Terence
  2645 | D:2      | Noticed a sky beast
  3693 | D:3      | Found a faded altar of an unknown god.
  3783 | D:3      | Noticed titusgroan's ghost (amateur MiBe)
  3826 | D:2      | Killed a sky beast
  3826 | D:2      | Reached skill level 1 in Shields
  3826 | D:2      | Reached XP level 5. HP: 42/42 MP: 8/8
  4365 | D:4      | Found Ymaet's Weapon Shoppe.
  4404 | D:4      | Reached XP level 6. HP: 48/48 MP: 9/9
  4858 | D:4      | Reached XP level 7. HP: 55/55 MP: 10/10
  4859 | D:4      | Noticed soahar's ghost (amateur HOFi)
  4887 | D:3      | Killed titusgroan's ghost
  5276 | D:4      | Found a basalt altar of Yredelemnul.
  5276 | D:4      | Found a blossoming altar of Fedhas.
  5276 | D:4      | Found a hide-covered altar of Uskayaw.
  5279 | D:4      | Found an iron altar of Okawaru.
  5289 | D:4      | Became a worshipper of Warmaster Okawaru
  5415 | D:4      | Killed soahar's ghost
  5415 | D:4      | Reached skill level 5 in Fighting
  5415 | D:4      | Reached skill level 1 in Invocations
  5498 | D:4      | Found a shadowy altar of Dithmenos.
  5498 | D:4      | Found a sparkling altar of Nemelex Xobeh.
  5499 | D:4      | Found a hazy altar of Hepliaklqana.
  5655 | D:5      | Entered Level 5 of the Dungeon
  5661 | D:5      | Reached XP level 8. HP: 62/62 MP: 11/11
  6404 | D:5      | Reached * piety under Okawaru
  7011 | D:6      | Reached skill level 5 in Shields
  7305 | D:6      | Reached skill level 5 in Armour
  7305 | D:6      | Reached skill level 5 in Dodging
  7388 | D:6      | Found Zoewuow's Antique Weapon Shoppe.
  7654 | D:7      | Found a snail-covered altar of Cheibriados.
  7689 | D:7      | Found Fatek's Magic Scroll Shop.
  7696 | D:7      | Bought a scroll of identify for 26 gold pieces
  7696 | D:7      | Bought a scroll of identify for 26 gold pieces
  7837 | D:7      | Reached skill level 5 in Axes
  7922 | D:7      | Reached XP level 9. HP: 50/69 MP: 9/12
  8127 | D:7      | Found a staircase to the Ecumenical Temple.
  8171 | D:7      | Reached ** piety under Okawaru
  8203 | D:7      | Noticed Prince Ribbit
  8261 | D:7      | Killed Prince Ribbit
  8549 | Temple   | Entered the Ecumenical Temple
  9131 | D:7      | Reached skill level 5 in Invocations
  9406 | D:8      | Reached XP level 10. HP: 77/77 MP: 13/13
  9600 | D:8      | Reached *** piety under Okawaru
 10258 | D:9      | Noticed a two-headed ogre
 10270 | D:9      | Killed a two-headed ogre
 10939 | D:9      | Found Ceyrhos's Assorted Antiques.
 11040 | D:9      | Got a spiked chain mail
 11051 | D:9      | Identified the +2 chain mail "Lalianeo" {rPois MP-9 Str+2} (You found it on level 9 of the Dungeon)
 11420 | D:10     | Entered Level 10 of the Dungeon
 11830 | D:10     | Noticed Psyche
 11841 | D:10     | Killed Psyche
 11860 | D:10     | Noticed Erolcha
 11866 | D:10     | Killed Erolcha
 11866 | D:10     | Reached **** piety under Okawaru
 11890 | D:10     | Reached XP level 11. HP: 81/86 MP: 12/14
 12078 | D:10     | Found a staircase to the Orcish Mines.
 12212 | D:10     | Noticed a two-headed ogre
 12215 | D:10     | Noticed Harold
 12219 | D:10     | Noticed a two-headed ogre
 12246 | D:10     | Killed a two-headed ogre
 12246 | D:10     | Received a gift from Okawaru
 12504 | D:10     | Noticed Sonja
 12525 | D:10     | Killed Sonja
 12760 | D:10     | Noticed cellescent's ghost (novice GnWn)
 13011 | D:10     | Found a staircase to the Lair.
 13083 | D:10     | Killed a two-headed ogre
 13083 | D:10     | Reached skill level 10 in Shields
 13099 | D:10     | Killed cellescent's ghost
 13160 | D:10     | HP: 2/87 [Harold/bolt of fire (17)]
 13617 | D:10     | Killed Harold
 13617 | D:10     | Received a gift from Okawaru
 13699 | D:10     | Noticed a wizard
 13713 | D:10     | Killed a wizard
 14121 | D:11     | Noticed a cyclops
 14148 | D:11     | Killed a cyclops
 14159 | D:11     | Noticed a red ugly thing
 14174 | D:11     | Killed a red ugly thing
 14224 | D:11     | Reached ***** piety under Okawaru
 14295 | D:11     | Noticed Snorg
 14324 | D:11     | Killed Snorg
 14470 | D:11     | Noticed a white ugly thing
 14472 | D:11     | Noticed a red ugly thing
 14488 | D:11     | Killed a white ugly thing
 14488 | D:11     | Reached XP level 12. HP: 66/95 MP: 15/15
 15500 | Lair:1   | Entered Level 1 of the Lair of Beasts
 16247 | Lair:1   | You fall through a shaft!
 17077 | Lair:1   | Reached skill level 10 in Fighting
 17409 | Lair:2   | Reached skill level 10 in Armour
 17710 | Lair:2   | Received a gift from Okawaru
 17861 | Lair:2   | Identified a scroll of acquirement
 18010 | Lair:1   | Learned a level 2 spell: Blink
 18012 | Lair:1   | Learned a level 1 spell: Apportation
 18233 | Lair:2   | Reached ****** piety under Okawaru
 18325 | Lair:2   | Noticed Gastronok
 18348 | Lair:2   | Killed Gastronok
 18348 | Lair:2   | Received a gift from Okawaru
 18348 | Lair:2   | Gained mutation: You can hop long distances. [Barachi growth]
 18348 | Lair:2   | Reached XP level 13. HP: 50/104 MP: 7/16
 18379 | Lair:2   | Found a staircase to the Snake Pit.
 19143 | Orc:1    | Entered Level 1 of the Orcish Mines
 19254 | Orc:2    | Entered Level 2 of the Orcish Mines
 19729 | Orc:2    | Found a staircase to the Elven Halls.
 20564 | Orc:2    | Found Qexkavyz's Distillery.
 20580 | Orc:2    | Found Lygiv's Distillery.
 20591 | Orc:2    | Bought a potion of heal wounds for 60 gold pieces
 20591 | Orc:2    | Bought a potion of might for 48 gold pieces
 20591 | Orc:2    | Bought a potion of might for 48 gold pieces
 20591 | Orc:2    | Bought a potion of resistance for 120 gold pieces
 20591 | Orc:2    | Bought a potion of berserk rage for 60 gold pieces
 20631 | Orc:2    | Found Cupnac's Assorted Antiques.
 20633 | Orc:2    | Found Otipn's Antique Weapon Shoppe.
 20636 | Orc:2    | Found Roukung's Gadget Shop.
 20696 | Orc:2    | Reached skill level 10 in Axes
 20696 | Orc:2    | Reached skill level 10 in Dodging
 21069 | Orc:2    | Noticed an ogre mage
 21081 | Orc:2    | Received a gift from Okawaru
 21086 | Orc:2    | Killed an ogre mage
 21532 | Orc:2    | Found Kecsim's Antique Weapon Shop.
 21532 | Orc:2    | Found Yxajack's Weapon Shoppe.
 21533 | Orc:2    | Found Hotishay's Jewellery Shoppe.
 21533 | Orc:2    | Found Aguugg's Gadget Boutique.
 22259 | Lair:2   | Reached XP level 14. HP: 113/113 MP: 17/17
 22575 | D:12     | Noticed Urug
 22586 | D:12     | Banished Urug
 23208 | D:12     | Noticed Azrael
 23833 | D:12     | Banished Azrael
 24282 | D:13     | Received a gift from Okawaru
 24283 | D:13     | Found the +14 obsidian axe {chop, +Fly SInv *Curse}
 24293 | D:13     | Cast into level 3 of the Abyss (a distortion unwield)
 24329 | D:13     | Escaped the Abyss
 24472 | D:13     | Noticed a shadow dragon
 24472 | D:13     | Noticed a fire giant
 24482 | D:13     | Killed a fire giant
 24484 | D:13     | Received a gift from Okawaru
 24490 | D:13     | Killed a shadow dragon
 24938 | D:13     | Found a gate to the Vaults.
 24951 | D:13     | Reached XP level 15. HP: 101/123 MP: 18/18
 25629 | D:14     | Received a gift from Okawaru
 25702 | D:14     | Found a portal to a secret trove of treasure.
 26151 | D:15     | Entered Level 15 of the Dungeon
 26429 | D:15     | Found a staircase to the Depths.
 26854 | D:15     | Noticed Jacaranda's ghost (journeyman HOBe)
 26878 | D:15     | Killed Jacaranda's ghost
 27698 | D:15     | Received a gift from Okawaru
 28444 | Lair:2   | Upgraded the game from 0.22-a0-79-g605b837 to 0.22-a0-81-g7478db5
 28450 | Lair:2   | Learned a level 5 spell: Bolt of Magma
 29233 | Lair:4   | Found a white marble altar of Elyvilon.
 29706 | Lair:4   | Reached skill level 1 in Fire Magic
 29909 | Lair:4   | Found a staircase to the Shoals.
 29917 | Lair:4   | Reached XP level 16. HP: 131/131 MP: 19/19
 30114 | Lair:5   | Found a staircase to the Slime Pits.
 30947 | Lair:6   | Entered Level 6 of the Lair of Beasts
 31048 | Lair:6   | Reached skill level 2 in Fire Magic
 31129 | Lair:6   | Received a gift from Okawaru
 31555 | Lair:6   | Reached skill level 3 in Fire Magic
 31968 | Lair:6   | Learned a level 8 spell: Ignition
 32521 | Orc:2    | Bought an uncursed ring of poison resistance for 260 gold pieces
 32670 | D:7      | Bought a scroll of acquirement for 676 gold pieces
 32670 | D:7      | Bought a scroll of summoning for 123 gold pieces
 32683 | D:7      | Got a scorched shield
 32694 | D:7      | Identified the +0 shield of Valiance {rC+ Str-3 Int+2 Dex+3} (You acquired it on level 7 of the Dungeon)
 32923 | Snake:1  | Entered Level 1 of the Snake Pit
 32937 | Snake:1  | Noticed Donald
 32949 | Snake:1  | Killed Donald
 32987 | Snake:1  | Found Kezin's Jewellery Emporium.
 32987 | Snake:1  | Found Keowebumo's Gadget Boutique.
 32988 | Snake:1  | Found Qieraogg's Jewellery Emporium.
 33018 | Snake:1  | Bought a +6 amulet of reflection for 643 gold pieces
 33058 | Snake:1  | Reached skill level 4 in Fire Magic
 33366 | Snake:1  | Received a gift from Okawaru
 33712 | Snake:1  | Reached skill level 5 in Spellcasting
 33790 | Snake:1  | Reached skill level 5 in Fire Magic
 34692 | Snake:2  | Noticed Aizul
 34713 | Snake:2  | Killed Aizul
 34713 | Snake:2  | Reached skill level 6 in Fire Magic
 35138 | Snake:2  | Noticed Vashnia
 35151 | Snake:2  | Killed Vashnia
 35151 | Snake:2  | Reached skill level 7 in Fire Magic
 35151 | Snake:2  | Reached XP level 17. HP: 103/139 MP: 27/27
 35158 | Snake:2  | Received a gift from Okawaru
 35529 | Snake:2  | Reached skill level 8 in Fire Magic
 36703 | Snake:3  | Reached skill level 9 in Fire Magic
 37204 | Snake:1  | Bought an uncursed amulet of regeneration for 330 gold pieces
 37794 | Snake:4  | Entered Level 4 of the Snake Pit
 37821 | Snake:4  | Received a gift from Okawaru
 37975 | Snake:4  | Reached skill level 10 in Fire Magic
 38150 | Snake:4  | Reached skill level 10 in Spellcasting
 38232 | Snake:4  | Received a gift from Okawaru
 38244 | Snake:4  | Reached skill level 11 in Fire Magic
 38293 | Snake:4  | Reached XP level 18. HP: 69/146 MP: 32/32
 38643 | Snake:4  | Reached skill level 12 in Fire Magic
 39048 | Snake:4  | Noticed Saint Roka
 39313 | Snake:4  | Killed Saint Roka
 39532 | Snake:4  | Received a gift from Okawaru
 39617 | Snake:4  | Got a serpentine rune of Zot
 40280 | Shoals:1 | Entered Level 1 of the Shoals
 40284 | Shoals:1 | Noticed Kirke
 40295 | Shoals:1 | Killed Kirke
 40554 | Shoals:1 | Reached skill level 13 in Fire Magic
 41082 | Shoals:2 | Found a transporter.
 41138 | Shoals:2 | Found a transporter.
 41228 | Shoals:2 | Got a faintly glowing copper ring
 41470 | Shoals:2 | Identified the ring "Idghymen" {*Tele *Slow +Inv rC+ Str+5} (You found it on level 2 of the Shoals)
 41472 | Shoals:2 | Got a clouded tin ring
 41473 | Shoals:2 | Identified the ring "Bofonk" {rCorr +Blink} (You found it on level 2 of the Shoals)
 41944 | Shoals:3 | Received a gift from Okawaru
 42021 | Shoals:3 | Noticed Polyphemus
 42040 | Shoals:3 | Killed Polyphemus
 42102 | Shoals:3 | Noticed Mara
 42112 | Shoals:3 | Noticed shenanigans's illusion
 42129 | Shoals:3 | Killed Mara
 42129 | Shoals:3 | Reached skill level 14 in Fire Magic
 42129 | Shoals:3 | Reached XP level 19. HP: 152/152 MP: 36/36
 42337 | Shoals:3 | Received a gift from Okawaru
 42602 | Shoals:4 | Entered Level 4 of the Shoals
 42946 | Shoals:4 | Got a barnacled rune of Zot
 43424 | Shoals:4 | Noticed Ilsuiw
 43428 | Shoals:4 | Reached skill level 15 in Fire Magic
 43481 | Shoals:4 | Killed Ilsuiw
 44115 | Shoals:4 | Received a gift from Okawaru
 44523 | Shoals:4 | Got a garnet-studded chain mail
 44534 | Shoals:4 | Identified the +1 chain mail of Bedevilment {+Fly rElec rF+} (You acquired it on level 4 of the Shoals)
 44858 | Vaults:1 | Entered Level 1 of the Vaults
 45251 | Vaults:1 | Received a gift from Okawaru
 45319 | Vaults:1 | Noticed Nikola
 45330 | Vaults:1 | Reached skill level 15 in Spellcasting
 45334 | Vaults:1 | Reached skill level 16 in Fire Magic
 45351 | Vaults:1 | Killed Nikola
 45356 | Vaults:1 | Gained mutation: You occasionally shout uncontrollably at your foes. [a neqoxec]
 45750 | Vaults:1 | Received a gift from Okawaru
 45755 | Vaults:1 | Reached XP level 20. HP: 143/159 MP: 34/39
 46416 | Vaults:2 | Found Fyshudown's Antique Weapon Emporium.
 46450 | Vaults:2 | Noticed Margery
 46556 | Vaults:2 | Received a gift from Okawaru
 46563 | Vaults:2 | Reached skill level 17 in Fire Magic
 47041 | Vaults:2 | HP: 4/159 [Margery/bolt of fire (18)]
 47042 | Vaults:2 | Killed Margery
 47874 | Vaults:3 | Received a gift from Okawaru
 48001 | Vaults:3 | Received a gift from Okawaru
 48233 | Vaults:3 | Reached skill level 18 in Fire Magic
 48399 | Vaults:3 | Received a gift from Okawaru
 48407 | Vaults:3 | Reached XP level 21. HP: 124/165 MP: 32/42
 48573 | Vaults:3 | Found a staircase to the Crypt.
 48573 | Vaults:3 | Found an ancient bone altar of Kikubaaqudgha.
 48574 | Vaults:3 | Found a basalt altar of Yredelemnul.
 48749 | Vaults:3 | Demolished by a vault warden

Vault maps used:
D:1:      dpeg_arrival_tiny_g
D:2:      first_ration, hangedman_decor_peaks_small, uniq_terence
D:3:      chequers_ecumenical_altar_simple_redux
D:4:      grunt_temple_overflow_open, minitemple, serial_shops, shop
D:5:      minmay_hedge_maze, minmay_misc_feat_columns
D:6:      serial_shops, shop
D:7:      overflow_temple_1_default, minmay_temple_entry_junction_2,
          grunt_ogre_cave, kennysheep_small_circle, uniq_prince_ribbit1
D:9:      serial_shops, shop, serial_bayou_pond_b
D:10:     lair_entry_dummy, hiddenorc2_lemuel, lightli_wizard_tower,
          uniq_harold, uniq_psyche, uniq_erolcha, uniq_sonja
D:11:     lab_entry_generic, nicolae_sextant, minivault_25,
          hangedman_misty_isle, uniq_snorg
D:12:     special_room, grunt_tough_drop, uniq_azrael, uniq_urug
D:13:     lemuel_traditional_vault, lightli_vaults_fourway_checkpoint
D:14:     nicolae_trove_entry_free_sample
D:15:     gammafunk_depths_entry_grave, roderic_roman_lattice,
          serial_bayou_crossing
Temple:   dpeg_chambers_temple
Lair:1:   special_room
Lair:2:   dummy_snake_entry, minmay_stone_trees_medium,
          minmay_lair_oklob_chamber, grunt_megastairs_5, uniq_gastronok
Lair:4:   minmay_shoals_entry_hut, lemuel_oklob_altar, serial_bayou_shore_b,
          serial_bayou_shore_a
Lair:5:   minmay_slime_entry_pillars
Lair:6:   guppyfry_lair_end_dragon, infiniplex_staircase_pool_2
Shoals:1: nicolae_shoals_kraken_intersection, uniq_kirke
Shoals:2: gammafunk_its_a_trap, nicolae_shoals_hunting_party
Shoals:3: uniq_polyphemus, uniq_mara
Shoals:4: shoals_end_grunt_ice, shoals_ilsuiw_ice
Snake:1:  grunt_megastairs_3, minmay_shop_grove, uniq_donald
Snake:2:  uniq_aizul, uniq_vashnia
Snake:3:  st_stairs_12
Snake:4:  johnstein_snake_rune_scales, st_stairs_4, nicolae_coiled_stairwell_up,
          uniq_saint_roka
Orc:2:    st_orc_ogre_mass, serial_shops, nicolae_shop_overgrown_old_shop,
          nicolae_shop_stone, nicolae_shop_window_shopping, nicolae_shop_stone,
          nicolae_shop_crystal
Vaults:1: v_misc_1, hangedman_vaults_locks, vaults_standard_mumra_lines,
          hangedman_vaults_variations, nicolae_vaults_back_hallway,
          hangedman_vaults_nails, v_misc_19, dpeg_vaults_monster_row,
          ontoclasm_vaults_idyll, v_misc_13, nicolae_vaults_rhombus_5,
          nicolae_vaults_rhombus_6, ontoclasm_vaults_loading_screen, uniq_nikola
Vaults:2: ontoclasm_vaults_ligature, nicolae_vaults_circle_grid_b,
          vaults_mumra_lcd, vaults_mumra_hexcomb, vaults_room_pool,
          vaults_mumra_minichess, vaults_dpeg_doors, st_octagons_2,
          nicolae_vaults_little_squares_3, hangedman_vaults_trim, v_pattern_3,
          v_misc_2, hangedman_vaults_river_flow, vaults_room_hallway,
          nicolae_vaults_asterisk, v_misc_15, v_misc_16, vaults_room_pools,
          serial_shops, shop_fountains, uniq_margery
Vaults:3: ontoclasm_vaults_pinch, nicolae_vaults_circle_grid_a,
          vaults_standard_mumra_x, minmay_crypt_entry_necro_gods, v_pattern_1,
          v_misc_1, v_misc_5, nicolae_vaults_windows_and_doors_thing,
          nicolae_vaults_sealed_display, dpeg_vaults_waves

Skill      XL: |  1  2  3  4  5  6  7  8  9 10 11 12 13 14 15 16 17 18 19 20 |
---------------+-------------------------------------------------------------+-----
Fighting       | 3 4 5 6 8 9 10 11 13 14 | 14.1
Armour         | 2 3 4 5 6 7 9 10 11 13 14 | 14.1
Axes           | 3 4 5 6 7 8 9 10 12 13 14 | 14.1
Dodging        | 3 4 5 6 7 8 9 10 12 13 14 | 14.1
Shields        | 1 2 3 4 5 7 9 10 12 13 14 | 14.1
Invocations    | 1 3 5 |  5.1
Fire Magic     | 1 7 11 14 16 18 | 18.3
Spellcasting   | 7 10 13 15 17 | 17.1
Throwing       | |  1.0
Translocations | |  3.2

Action                   |  1- 3 |  4- 6 |  7- 9 | 10-12 | 13-15 | 16-18 | 19-21 || total
-------------------------+-------+-------+-------+-------+-------+-------+-------++-------
Melee: Hand axe          |    88 |       |       |   533 |       |       |       ||   621
       Short sword       |    51 |   168 |   416 |   527 |       |       |       ||  1162
       War axe           |       |       |       |    73 |       |       |       ||    73
       Broad axe         |       |       |       |    57 |   921 |   993 |   866 ||  2837
Throw: Tomahawk          |     2 |     3 |     6 |     3 |     1 |       |       ||    15
Invok: Heroism           |       |       |     7 |    19 |    20 |    28 |    23 ||    97
 Abil: Hop               |       |     2 |     1 |     3 |     3 |     4 |     2 ||    15
Evoke: Wand              |       |       |    11 |    10 |     2 |       |       ||    23
       Sack of spiders   |       |       |       |     3 |       |       |       ||     3
       Box of beasts     |       |       |       |     2 |       |       |       ||     2
  Use: Scroll            |     1 |     8 |     7 |    16 |    13 |    15 |    12 ||    72
       Potion            |       |       |     2 |     5 |     3 |     2 |     7 ||    19
 Stab: Distracted        |       |       |       |     1 |    12 |    17 |    17 ||    47
       Petrified         |       |       |       |       |       |     4 |       ||     4
  Eat: Ration            |     1 |     2 |     2 |     4 |     6 |     9 |     2 ||    26
       Chunk             |       |     4 |     8 |    22 |    23 |    14 |    17 ||    88
Armor: Leather armour    |    12 |       |       |       |       |       |       ||    12
       Chain mail        |    50 |    39 |       |    80 |    67 |       |       ||   236
       Pearl dragon scal |       |    54 |   129 |   278 |   289 |   330 |   346 ||  1426
       Skin              |       |       |    10 |       |       |       |       ||    10
Dodge: Dodged            |    53 |    28 |   113 |   375 |   423 |   427 |   352 ||  1771
       Deflected         |       |       |       |       |     1 |     5 |       ||     6
Block: Shield            |       |    34 |   245 |   803 |   727 |   382 |       ||  2191
       Reflection        |       |       |     1 |    19 |    50 |    65 |    51 ||   186
       Large shield      |       |       |       |       |       |   743 |   929 ||  1672

Table legend:
 A = Spawn XP
 B = Non-spawn XP
 C = Spawn XP percentage of total XP
 D = Spawn monster count
 E = Non-spawn monster count
 F = Spawn count percentage of total count
 G = Total turns spent on level
                    A         B        C        D         E        F      G
               +---------+---------+-------+---------+---------+-------+---------
         Total |       0 |  499184 |   0.0 |       0 |    1346 |   0.0 | 48749
               +---------+---------+-------+---------+---------+-------+---------
           D:1 |       0 |      50 |   0.0 |       0 |      24 |   0.0 |  2097
           D:2 |       0 |     223 |   0.0 |       0 |      21 |   0.0 |   999
           D:3 |       0 |     212 |   0.0 |       0 |       5 |   0.0 |  1206
           D:4 |       0 |     736 |   0.0 |       0 |      20 |   0.0 |  1648
           D:5 |       0 |     260 |   0.0 |       0 |       8 |   0.0 |   911
           D:6 |       0 |     396 |   0.0 |       0 |      16 |   0.0 |   793
           D:7 |       0 |    2652 |   0.0 |       0 |      33 |   0.0 |  1563
           D:8 |       0 |     972 |   0.0 |       0 |      22 |   0.0 |   952
           D:9 |       0 |    1822 |   0.0 |       0 |      15 |   0.0 |  1533
          D:10 |       0 |    8002 |   0.0 |       0 |      66 |   0.0 |  2728
          D:11 |       0 |    6227 |   0.0 |       0 |      32 |   0.0 |  1414
          D:12 |       0 |   10938 |   0.0 |       0 |      66 |   0.0 |  1855
          D:13 |       0 |   26092 |   0.0 |       0 |      82 |   0.0 |  1497
          D:14 |       0 |   11888 |   0.0 |       0 |      36 |   0.0 |   719
          D:15 |       0 |   13352 |   0.0 |       0 |      32 |   0.0 |  2062
        Lair:1 |       0 |    4487 |   0.0 |       0 |      40 |   0.0 |  2667
        Lair:2 |       0 |    9146 |   0.0 |       0 |      30 |   0.0 |  2336
        Lair:3 |       0 |    3536 |   0.0 |       0 |      15 |   0.0 |   746
        Lair:4 |       0 |    8504 |   0.0 |       0 |      26 |   0.0 |  1009
        Lair:5 |       0 |    5337 |   0.0 |       0 |      17 |   0.0 |   942
        Lair:6 |       0 |   17176 |   0.0 |       0 |      60 |   0.0 |  1318
      Shoals:1 |       0 |   12912 |   0.0 |       0 |      18 |   0.0 |   707
      Shoals:2 |       0 |   16002 |   0.0 |       0 |      40 |   0.0 |   961
      Shoals:3 |       0 |   22206 |   0.0 |       0 |      34 |   0.0 |   948
      Shoals:4 |       0 |   38183 |   0.0 |       0 |      56 |   0.0 |  1737
       Snake:1 |       0 |   14775 |   0.0 |       0 |      28 |   0.0 |  1394
       Snake:2 |       0 |   21386 |   0.0 |       0 |      33 |   0.0 |  1105
       Snake:3 |       0 |   20254 |   0.0 |       0 |      33 |   0.0 |  2075
       Snake:4 |       0 |   63394 |   0.0 |       0 |     130 |   0.0 |  1732
         Orc:1 |       0 |    2527 |   0.0 |       0 |      20 |   0.0 |  1251
         Orc:2 |       0 |   18308 |   0.0 |       0 |      63 |   0.0 |  1707
      Vaults:1 |       0 |   50219 |   0.0 |       0 |      96 |   0.0 |  1541
      Vaults:2 |       0 |   46463 |   0.0 |       0 |      62 |   0.0 |  1421
      Vaults:3 |       0 |   40547 |   0.0 |       0 |      67 |   0.0 |   929
               +---------+---------+-------+---------+---------+-------+---------
